 Dungeon Crawl Stone Soup version 0.31.0-11-ge490571c62 (webtiles) character file.

Game seed: 4316154396893733502

251 Ashen the Gusty (level 6, -2/44 HPs)
             Began as a Gnoll Air Elementalist on Jan 26, 2024.
             Constricted to death by Pikel (9 damage)
             ... on level 4 of the Dungeon.
             The game lasted 00:05:17 (3229 turns).

Ashen the Gusty (Gnoll Air Elementalist)            Turns: 3229, Time: 00:05:19

Health: -2/44      AC:  2    Str:  8    XL:     6   Next: 13%
Magic:  2/14       EV: 10    Int: 16    God:
Gold:   129        SH:  0    Dex: 12    Spells: 5/15 levels left

rFire   . . .        h - +0 dagger (holy)
rCold   + . .        (no shield)
rNeg    . . .        a - +0 robe
rPois   +            (no helmet)
rElec   .            (no cloak)
rCorr   .            (no gloves)
SInv    .            (no boots)
Will    .....        d - amulet of the acrobat
Stlth   +++          e - ring of poison resistance
HPRegen 0.27/turn    r - ring of protection from cold
MPRegen 0.14/turn

%: acrobat
@: grasped by roots, constricted
A: fangs 1, strong nose, distributed training
a: no special abilities


You were on level 4 of the Dungeon.
You visited 1 branch of the dungeon, and saw 4 of its levels.

You collected 129 gold pieces.

Inventory:

Hand Weapons
 h - a +0 dagger of holy wrath (weapon)
Armour
 a - a +0 robe (worn)
Jewellery
 d - an amulet of the acrobat (around neck)
 e - a ring of poison resistance (left hand)
 r - a ring of protection from cold (right hand)
Wands
 o - a wand of roots (17)
Scrolls
 c - a scroll of enchant armour {unknown}
 f - a scroll of butterflies {unknown}
 g - a scroll of brand weapon {unknown}
 j - 5 scrolls of identify {unknown}
 k - a scroll of noise {unknown}
 n - a scroll of teleportation {unknown}
 p - a scroll of torment {unknown}
Potions
 b - a potion of magic
 i - a potion of haste {unknown}
 l - 3 potions of curing {unknown}
 m - a potion of lignification {unknown}
 q - a potion of attraction {unknown}


   Skills:
 + Level 1.9 Fighting
 + Level 1.9 Short Blades
 + Level 1.9 Long Blades
 + Level 1.9 Axes
 + Level 1.9 Maces & Flails
 + Level 1.9 Polearms
 + Level 1.9 Staves
 + Level 1.9 Ranged Weapons
 + Level 1.9 Throwing
 + Level 1.9 Armour
 + Level 4.9 Dodging
 + Level 4.5 Stealth
 + Level 1.9 Shields
 + Level 1.9 Unarmed Combat
 + Level 5.3 Spellcasting
 + Level 2.6 Conjurations
 + Level 1.5 Hexes
 + Level 1.5 Summonings
 + Level 1.5 Necromancy
 + Level 1.5 Translocations
 + Level 1.5 Fire Magic
 + Level 1.5 Ice Magic
 + Level 5.6 Air Magic
 + Level 1.5 Earth Magic
 + Level 1.5 Alchemy
 + Level 2.1 Invocations
 + Level 1.9 Evocations
 + Level 1.7 Shapeshifting


You had 5 spell levels left.
You knew the following spells:

 Your Spells              Type           Power      Damage    Failure   Level
a - Shock                 Conj/Air       68%        1d7       2%          1
b - Static Discharge      Conj/Air       34%        3-5/arc   4%          2
c - Swiftness             Air            22%        N/A       4%          3
d - Airstrike             Air            11%        2d(2-18)  14%         4

Your spell library contained the following spells:

 Spells                   Type           Power      Damage    Failure   Level
 Lesser Beckoning         Tloc           18%        N/A       12%         2
 Dazzling Flash           Conj/Hex       20%        N/A       19%         3
 Gell's Gravitas          Tloc           9%         N/A       24%         3
 Teleport Other           Tloc           9%         N/A       24%         3
 Volatile Blastmotes      Fire/Tloc      18%        2d11      24%         3
 Starburst                Conj/Fire      5%         6d4       100%        6
 Maxwell's Capacitive Co  Air            11%        ∞         100%        8


Dungeon Overview and Level Annotations

Branches:
Dungeon (4/15)
 Temple: D:4-7

Altars:

Annotations:
D:3 2 runed translucent doors, Sigmund; dakkaduck's ghost, weakling MiBe
D:4 Pikel


Innate Abilities, Weirdness & Mutations

You have very sharp teeth.
Your uncanny sense of smell can sniff out nearby items.
Your experience applies equally to all skills.


Message History

Pikel is moderately wounded.
The zap hits the lemure.
The lemure is lightly wounded.
The grasping roots constrict you!
The grasping roots release their grip on you.
Casting: Shock (safe; 2% risk of failure)
Confirm with . or Enter, or press ? or * to list all spells.
Aiming: Shock (safe; 2% risk of failure)
Press: ? - help, Shift-Dir - straight line, f/p - Pikel
Aim: Pikel, wielding a +2 whip of electrocution, wearing a +0 robe and carrying a wand of roots (moderately wounded, 64% to hit)
The zap misses the lemure.
The zap hits Pikel!
Pikel is heavily wounded.
The zap misses the lemure.
The lemure closely misses you.
Pikel says, "I knew I should've brought a map."
Casting: Shock (safe; 2% risk of failure)
Confirm with . or Enter, or press ? or * to list all spells.
Aiming: Shock (safe; 2% risk of failure)
Press: ? - help, Shift-Dir - straight line, f/p - Pikel
Aim: Pikel, wielding a +2 whip of electrocution, wearing a +0 robe and carrying a wand of roots (heavily wounded, 64% to hit)
The zap hits Pikel.
Pikel is heavily wounded.
The lemure hits you! The lemure hits you.
* * * LOW HITPOINT WARNING * * *
Pikel attacks as he pursues you! Pikel completely misses you.
The lemure attacks as it pursues you! The lemure misses you.
Aiming: Fastroot
Press: ? - help, Shift-Dir - straight line, f/p - Pikel
Aim: Pikel, wielding a +2 whip of electrocution, wearing a +0 robe and carrying a wand of roots (heavily wounded)
The roots erupt in riotous growth!
Roots grab the lemure.
Roots grab Pikel.
The grasping roots constrict Pikel.
The grasping roots constrict the lemure.
The lemure hits you.
* * * LOW HITPOINT WARNING * * *
Pikel zaps a wand.
The roots erupt in riotous growth!
The lemure is unaffected.
The grasping roots grab you!
Pikel is unaffected.
The grasping roots constrict you!
You die...
Pikel says, "Another soul for the market."

#.# #...........>#
# #.#
#.#...##.###.## ∆ #
#.# #.#...# ##...##
..# ####### #.#
#.#.K.## ..... (.#
#......
#.####.#....####...
#.# #.#####
#%...........5#5#
#.# #.#####
#.##.#....##.#†K#
#.# #...... #
#.#......###5# #.#
#..####
#.##...##.#@## #.#
#..# #
.##.##.##...# #.##
#.###..##
............#
#.#######.......#
............#
#...............##
###.#########
#############....##
#. #..#... #
##...## ##....
######....


You could see Pikel (rooted) and 2 lemures.

Vanquished Creatures
  A vampire bat (D:3)
  A hound (D:4)
  7 adders
  3 fire bats (D:3)
  A spectral bat (D:3)
  3 bat skeletons (D:3)
  2 endoplasms
  2 giant cockroaches (D:2)
  6 goblins
  6 hobgoblins
  A quokka (D:4)
  3 ball pythons
  12 bats
  A bat simulacrum (D:3)
  3 frilled lizards
  A kobold (D:2)
  5 rats
58 creatures vanquished.

Vanquished Creatures (others)
  A spectral bat (D:3)
  A bat zombie (D:3)
2 creatures vanquished.

Grand Total: 60 creatures vanquished

Notes
Turn   | Place    | Note
-------+----------+-------------------------------------------
     0 | D:1      | Ashen the Gnoll Air Elementalist began the quest for the
                  | Orb.
     0 | D:1      | Reached XP level 1. HP: 13/13 MP: 6/6
   354 | D:1      | Reached XP level 2. HP: 19/19 MP: 5/7
   775 | D:2      | Reached skill level 5 in Spellcasting
   775 | D:2      | Reached XP level 3. HP: 13/25 MP: 1/9
   783 | D:2      | Reached skill level 1 in Invocations
  1032 | D:2      | Reached skill level 1 in Fighting
  1032 | D:2      | Reached skill level 1 in Short Blades
  1032 | D:2      | Reached skill level 1 in Long Blades
  1032 | D:2      | Reached skill level 1 in Axes
  1032 | D:2      | Reached skill level 1 in Maces & Flails
  1032 | D:2      | Reached skill level 1 in Polearms
  1032 | D:2      | Reached skill level 1 in Staves
  1032 | D:2      | Reached skill level 1 in Ranged Weapons
  1032 | D:2      | Reached skill level 1 in Throwing
  1032 | D:2      | Reached skill level 1 in Armour
  1032 | D:2      | Reached skill level 1 in Shields
  1032 | D:2      | Reached skill level 1 in Unarmed Combat
  1032 | D:2      | Reached skill level 1 in Evocations
  1225 | D:2      | Reached skill level 1 in Shapeshifting
  1225 | D:2      | Reached XP level 4. HP: 32/32 MP: 9/11
  1625 | D:2      | Reached skill level 1 in Hexes
  1625 | D:2      | Reached skill level 1 in Summonings
  1625 | D:2      | Reached skill level 1 in Necromancy
  1625 | D:2      | Reached skill level 1 in Translocations
  1625 | D:2      | Reached skill level 1 in Fire Magic
  1625 | D:2      | Reached skill level 1 in Ice Magic
  1625 | D:2      | Reached skill level 1 in Earth Magic
  1625 | D:2      | Reached skill level 1 in Alchemy
  2080 | D:3      | Reached XP level 5. HP: 37/37 MP: 8/12
  2288 | D:3      | Learned a level 2 spell: Static Discharge
  2292 | D:3      | Learned a level 3 spell: Swiftness
  2297 | D:3      | Learned a level 4 spell: Airstrike
  2377 | D:3      | Found a large runed translucent door.
  2377 | D:3      | Found a large runed translucent door.
  2379 | D:3      | Noticed dakkaduck's ghost (weakling MiBe)
  2488 | D:3      | Noticed Sigmund
  3027 | D:4      | Noticed a lemure
  3027 | D:4      | Noticed Pikel
  3028 | D:4      | Noticed a lemure
  3028 | D:4      | Noticed a lemure
  3030 | D:4      | Noticed a lemure
  3223 | D:4      | Reached XP level 6. HP: 37/44 MP: 5/14
  3229 | D:4      | Constricted to death by Pikel

Illustrated notes

Levels and vault maps discovered:
D:1:      saegor_arrival_simple_a, layout_rooms, serial_forest,
          infiniplex_forest_clump_medium, infiniplex_forest_zigzag_1,
          infiniplex_forest_end_2, infiniplex_forest_corner_1,
          infiniplex_forest_end_3, infiniplex_forest_clump_diagonal,
          infiniplex_forest_clump_double
D:2:      layout_basic
D:3:      layout_basic, serial_bayou, serial_bayou_pond_c, serial_bayou_pond_c,
          serial_bayou_pond_e, serial_bayou_lagoon_a,
          ebering_ghost_disaster_area, goddamned_bats, uniq_sigmund
D:4:      layout_loops_ring, grunt_temple_overflow_open, minmay_rat_hole,
          uniq_eustachio, uniq_pikel, uniq_blork_the_orc

Skill      XL: |  1  2  3  4  5 |
---------------+----------------+-----
Conjurations   | 2 |  2.6
Spellcasting   | 5 |  5.3
Invocations    | 1 2 |  2.1
Fighting       | 1 |  1.9
Short Blades   | 1 |  1.9
Long Blades    | 1 |  1.9
Axes           | 1 |  1.9
Maces & Flails | 1 |  1.9
Polearms       | 1 |  1.9
Staves         | 1 |  1.9
Ranged Weapons | 1 |  1.9
Throwing       | 1 |  1.9
Armour         | 1 |  1.9
Shields        | 1 |  1.9
Unarmed Combat | 1 |  1.9
Evocations     | 1 |  1.9
Shapeshifting  | 1 |  1.7
Hexes          | 1 |  1.5
Summonings     | 1 |  1.5
Necromancy     | 1 |  1.5
Translocations | 1 |  1.5
Fire Magic     | 1 |  1.5
Ice Magic      | 1 |  1.5
Earth Magic    | 1 |  1.5
Alchemy        | 1 |  1.5
Dodging        | |  4.9
Stealth        | |  4.5
Air Magic      | |  5.6

Action                     |  1- 3 |  4- 6 || total
---------------------------+-------+-------++-------
  Melee: Dagger            |    14 |    58 ||    72
         Bite              |     1 |     4 ||     5
         Punch             |       |     1 ||     1
   Cast: Shock             |    34 |    49 ||    83
  Evoke: Wand              |       |     1 ||     1
   Stab: Sleeping          |     2 |     5 ||     7
 Armour: Robe              |    10 |    50 ||    60
  Dodge: Dodged            |    24 |    91 ||   115
